 Dungeon Crawl Stone Soup version 0.31-a0-174-g85c54bcb58 (webtiles) character file.

Game seed: 9191100721852774051

156 qw the Chopper (level 5, -1/32 HPs)
             Began as a Gargoyle Fighter on June 15, 2023.
             Slain by a naga warrior simulacrum (21 damage)
             ... on level 1 of the Abyss.
             The game lasted 00:01:40 (2592 turns).

qw the Chopper (Gargoyle Fighter)                   Turns: 2592, Time: 00:01:40

Health: -1/32      AC: 12    Str: 21    XL:     5   Next: 37%
Magic:  5/5        EV:  6    Int:  9    God:
Gold:   144        SH:  4    Dex:  9    Spells: 4/4 levels left

rFire   . . .        Y - +0 war axe
rCold   . . .        c - +0 buckler
rNeg    + . .        b - +0 scale mail
rPois   inf          (no helmet)
rElec   +            f - +0 cloak
rCorr   .            (no gloves)
SInv    .            (no boots)
Will    .....        (no amulet) Stlth
                     (no ring)
HPRegen 0.25/turn    (no ring)
MPRegen 0.09/turn

%: no passive effects
@: constricted
A: sickness immunity, AC +4, negative energy resistance 1, electricity
resistance, torment resistance 1, petrification resistance
a: no special abilities


You were on level 1 of the Abyss.
You visited 1 branch of the dungeon, and saw 3 of its levels.
You visited the Abyss 1 time.

You collected 144 gold pieces.


Innate Abilities, Weirdness & Mutations

You are immune to sickness and miasma.
Your stone body is resilient. (AC +4)
You are immune to poison.
You resist negative energy. (rN+)
You are resistant to electric shocks. (rElec)
You are resistant to unholy torment.
You are immune to petrification.


   Skills:
 - Level 3.2 Fighting
 + Level 4.9 Axes
 - Level 3.2 Armour
 - Level 3.2 Shields


You had 4 spell levels left.
You didn't know any spells.
Your spell library was empty.

Inventory:

Hand Weapons
 m - a +0 whip
 Y - a +0 war axe (weapon)
Armour
 b - a +0 scale mail (worn)
 c - a +0 buckler (worn)
 e - a +0 plate armour
 f - a +0 cloak (worn)
Scrolls
 a - a scroll of identify
Potions
 d - 2 potions of might
 h - a potion of mutation {unknown}
 i - a potion of invisibility {unknown}
 j - a potion of curing

Dungeon Overview and Level Annotations

Branches:
Dungeon (3/15)

Altars:


Message History

You barely miss the white imp.
The white imp hits you but does no damage. x2
You hit the white imp.
The white imp is severely wounded.
The white imp hits you but does no damage.
You closely miss the white imp.
The white imp is severely wounded.
The white imp barely misses you.
You closely miss the white imp.
The white imp is severely wounded.
The white imp gestures at you.
The puff of frost hits you but does no damage.
The white imp gestures at you. The puff of frost hits you!
You closely miss the white imp.
The white imp is severely wounded.
The white imp hits you but does no damage.
You closely miss the white imp.
The white imp is severely wounded.
The white imp misses you.
You slash the white imp!
You kill the white imp!
You start resting.
HP restored.
Waypoint 3 assigned to Abyss:1.
Found a gateway leading deeper into the Abyss.
A naga warrior simulacrum comes into view.
2586 ||| Stepping ~*~*~tactically~*~*~ (stealth).
You barely miss the naga warrior simulacrum.
You block the naga warrior simulacrum's attack.
The naga warrior simulacrum grabs you.
The naga warrior simulacrum constricts you.
You barely miss the naga warrior simulacrum.
The naga warrior simulacrum hits you but does no damage.
The naga warrior simulacrum constricts you.
You barely miss the naga warrior simulacrum.
The naga warrior simulacrum hits you!
The naga warrior simulacrum freezes you!!
Ouch! That really hurt!
You die...

##.#.#.#..#....... .
#.....#.....#....## ..
........ ..#. #
..#.....#. ... . .. .#
##...###... # .##.# ##
##.## ## ## ##.#.# . .
##.. ##...###...# ...
..#.....#.....#...#.....
... ..........@Z.# .
#.....#.....#.....# .#
#. .###...###....# ##.
##.## ##...... ... #...
.#.#... ...#... .#.# ..
...... .. . . ..#.. ..
.# .###


You could see a naga warrior simulacrum.

Vanquished Creatures
  5 adders
  A white imp (Abyss:1)
  An ufetubus (D:3)
  3 worms
  A dart slug (D:1)
  An orc (D:3)
  8 endoplasms
  8 goblins
  8 hobgoblins
  9 jackals
  5 quokkas
  6 ball pythons
  4 bats
  6 frilled lizards
  6 kobolds
  15 rats
87 creatures vanquished.

Notes
Turn   | Place    | Note
-------+----------+-------------------------------------------
     0 | D:1      | qw the Gargoyle Fighter began the quest for the Orb.
     0 | D:1      | Reached XP level 1. HP: 14/14 MP: 1/1
     0 | D:1      | 0 ||| qw: Version: 0.2-a-29-g511e9b1
     0 | D:1      | 0 ||| qw: Game counter: 5548
     0 | D:1      | 0 ||| qw: Always use a shield: true
     0 | D:1      | 0 ||| qw: God list: Okawaru
     0 | D:1      | 0 ||| qw: Allow faded altars: false
     0 | D:1      | 0 ||| qw: Do Orc after D:15 true
     0 | D:1      | 0 ||| qw: Do second Lair branch before Depths: true
     0 | D:1      | 0 ||| qw: Lair rune preference: random
     0 | D:1      | 0 ||| qw: Plans: Normal, Zot:1-4, Slime:5, God:TSO, Crypt,
                  | Tomb, Abyss, Pan, Hells, Win
     0 | D:1      | 0 ||| PLANNING D:1-11
    82 | D:1      | 82 ||| Stepping ~*~*~tactically~*~*~ (stealth).
    84 | D:1      | Reached skill level 2 in Axes
   114 | D:1      | Reached XP level 2. HP: 19/19 MP: 2/2
   480 | D:1      | Reached skill level 3 in Axes
   538 | D:1      | Reached XP level 3. HP: 23/23 MP: 3/3
   540 | D:1      | 540 ||| Stepping ~*~*~tactically~*~*~ (hiding).
   812 | D:1      | 812 ||| UPGRADING to +0 cloak.
   817 | D:1      | 817 ||| DROPPING ring of flight.
   818 | D:1      | 818 ||| READING scroll labelled PYSIGI FUFINUR.
   819 | D:1      | 819 ||| READING scroll labelled FIUWIM WAULES.
   820 | D:1      | 820 ||| READING scroll labelled ZAOLAEM NIOX.
   913 | D:2      | 913 ||| Stepping ~*~*~tactically~*~*~ (hiding).
  1011 | D:2      | 1011 ||| Stepping ~*~*~tactically~*~*~ (stealth).
  1060 | D:2      | Reached XP level 4. HP: 28/28 MP: 4/4
  1240 | D:2      | Reached skill level 4 in Axes
  1240 | D:2      | 1240 ||| Stepping ~*~*~tactically~*~*~ (stealth).
  1592 | D:2      | 1592 ||| DROPPING +0 club.
  1593 | D:2      | 1593 ||| READING 3 scrolls labelled GAR CEOMEPPE.
  1594 | D:2      | 1594 ||| READING scroll labelled QUAKHE ZOPTISM.
  1595 | D:2      | 1595 ||| READING scroll labelled ODOSEU VOPAI.
  1596 | D:2      | 1596 ||| DRINKING 2 murky orange potions.
  1597 | D:2      | 1597 ||| READING 2 scrolls of identify.
  1597 | D:2      | 1597 ||| IDENTIFYING bubbling white potion
  1598 | D:2      | 1598 ||| DROPPING potion of brilliance.
  1620 | D:3      | Found a faded altar of an unknown god.
  1629 | D:3      | 1629 ||| STAIRDANCE
  2189 | D:3      | Reached XP level 5. HP: 32/32 MP: 5/5
  2362 | D:3      | 2362 ||| Stepping ~*~*~tactically~*~*~ (stealth).
  2445 | D:3      | 2445 ||| Stepping ~*~*~tactically~*~*~ (stealth).
  2447 | D:3      | 2447 ||| Stepping ~*~*~tactically~*~*~ (stealth).
  2455 | D:3      | 2455 ||| Stepping ~*~*~tactically~*~*~ (stealth).
  2456 | D:3      | 2456 ||| Stepping ~*~*~tactically~*~*~ (stealth).
  2457 | D:3      | 2457 ||| Stepping ~*~*~tactically~*~*~ (stealth).
  2461 | Abyss:1  | Cast into level 1 of the Abyss (orc)
  2484 | Abyss:1  | 2484 ||| Stepping ~*~*~tactically~*~*~ (stealth).
  2586 | Abyss:1  | 2586 ||| Stepping ~*~*~tactically~*~*~ (stealth).
  2592 | Abyss:1  | Slain by a naga warrior simulacrum

Levels and vault maps discovered:
D:1:      spicycebolla_green_bress_n_ham, layout_loops_ring
D:2:      layout_loops_cross
D:3:      minmay_chambers_of_threes, layout_loops_corners,
          nicolae_ecumenical_pavilion
Abyss:1:  base:
D:3

Skill      XL: |  1  2  3  4 |
---------------+-------------+-----
Axes           | 2 3 4 |  4.9
Fighting       | |  3.2
Armour         | |  3.2
Shields        | |  3.2

Action                     |  1- 3 |  4- 6 || total
---------------------------+-------+-------++-------
  Melee: War axe           |   155 |   173 ||   328
    Use: Scroll            |     3 |     4 ||     7
         Potion            |       |     1 ||     1
 Armour: Scale mail        |    85 |    93 ||   178
  Dodge: Dodged            |    60 |    73 ||   133
  Block: Buckler           |    30 |    24 ||    54

Table legend:
 A = Non-vault XP
 B = Vault XP
 C = Vault XP percentage of total XP
 D = Non-vault monster count
 E = Vault monster count
 F = Vault count percentage of total count
                 A         B        C        D         E       F
            +---------+---------+-------+---------+---------+-------
      Total |     209 |      14 |   6.3 |      77 |      10 |  11.5
            +---------+---------+-------+---------+---------+-------
        D:1 |      46 |       0 |   0.0 |      27 |       0 |   0.0
        D:2 |      73 |       0 |   0.0 |      29 |       0 |   0.0
        D:3 |      80 |      14 |  14.9 |      20 |      10 |  33.3
    Abyss:1 |      10 |       0 |   0.0 |       1 |       0 |   0.0
            +---------+---------+-------+---------+---------+-------
